 Dungeon Crawl Stone Soup version 0.28-a0-1506-g3893175d92 (webtiles) character file.

Game seed: 11907089372437915155

125 a3don the Conjurer (level 5, 0/28 HPs)
             Began as a Kobold Conjurer on Jan 13, 2022.
             Slain by a phantom (5 damage)
             ... on level 4 of the Dungeon.
             The game lasted 00:07:49 (3817 turns).

a3don the Conjurer (Kobold Conjurer)                Turns: 3817, Time: 00:07:51

Health: 0/28       AC:  4    Str:  5    XL:     5   Next: 30%
Magic:  1/9        EV: 15    Int: 21    God:
Gold:   88         SH:  0    Dex: 13    Spells: 7/10 levels left

rFire   . . .      SeeInvis .   b - +0 hunting sling
rCold   . . .      Faith    .   (no shield)
rNeg    . . .      Spirit   .   d - +0 robe
rPois   .          Reflect  .   (no helmet)
rElec   .          Harm     .   i - +1 cloak
rCorr   .          Rampage  .   (no gloves)
Will    .....                   (no boots)
Stlth   +++.......              (no amulet)
HPRegen 0.09/turn               (no ring)
MPRegen 0.11/turn               (no ring)

@: no status effects
A: small, no large weapons, nightstalker 3
a: no special abilities


You were on level 4 of the Dungeon.
You visited 1 branch of the dungeon, and saw 4 of its levels.

You collected 88 gold pieces.

Inventory:

Hand Weapons
 a - a +0 short sword
 b - a +0 hunting sling (weapon)
Missiles
 e - 65 stones (quivered ammo)
 f - 63 arrows
Armour
 d - a +0 robe (worn)
 i - a +1 cloak (worn)
Jewellery
 k - a ring of protection from fire
Scrolls
 c - a scroll of holy word {unknown}
 g - a scroll of fog {unknown}
 h - a scroll of identify
 l - a scroll of magic mapping {unknown}
 n - a scroll of vulnerability {unknown}
Potions
 m - 2 potions of curing {unknown}
 o - a potion of heal wounds {unknown}


   Skills:
 + Level 2.5 Short Blades
 + Level 3.4 Dodging
 + Level 4.0 Stealth
 + Level 3.0 Spellcasting
 + Level 4.5 Conjurations


You had 7 spell levels left.
You knew the following spells:

 Your Spells              Type           Power      Damage    Failure   Level
a - Magic Dart            Conj           88%        1d7       1%          1
b - Searing Ray           Conj           44%        2d6       3%          2

Your spell library contained the following spells:

 Spells                   Type           Power      Damage    Failure   Level
 Animate Skeleton         Necr           6%         N/A       13%         1
 Apportation              Tloc           6%         N/A       13%         1
 Summon Small Mammal      Summ           12%        N/A       13%         1
 Dazzling Flash           Conj/Hex       24%        N/A       16%         3
 Scorch                   Fire           6%         2d5       21%         2
 Flame Wave               Conj/Fire      12%        2d5       45%         4
 Fulminant Prism          Conj/Hex       6%         3d7       45%         4
 Iskenderun's Mystic Bla  Conj/Tloc      12%        2d5       45%         4
 Summon Cactus Giant      Summ           1%         N/A       100%        6


Dungeon Overview and Level Annotations

Branches:
Dungeon (4/15)
 Temple: D:4-7

Altars:

Shops:
D:1 ([*


Innate Abilities, Weirdness & Mutations

You are small and have problems with some larger weapons.
You are completely attuned to the shadows.


Message History

Press: ? - help, Shift-Dir - straight line, f/p - phantom
Aim: a phantom (heavily damaged, 100% to hit)
The magic dart hits the phantom but does no damage.
The phantom is heavily damaged.
The phantom hits you!
The phantom blinks!
You blink.
Found 15 stones.
Casting: Magic Dart (safe; 1% risk of failure)
Confirm with . or Enter, or press ? or * to list all spells.
Aiming: Magic Dart (safe; 1% risk of failure)
Press: ? - help, Shift-Dir - straight line, f/p - phantom
Aim: a phantom (heavily damaged, 100% to hit)
The magic dart hits the phantom!
The phantom is severely damaged.
The phantom hits you.
* * * LOW HITPOINT WARNING * * *
Casting: Magic Dart (safe; 1% risk of failure)
Confirm with . or Enter, or press ? or * to list all spells.
Aiming: Magic Dart (safe; 1% risk of failure)
Press: ? - help, Shift-Dir - straight line, f/p - phantom
Aim: a phantom (severely damaged, 100% to hit)
The magic dart hits the phantom.
The phantom is almost destroyed.
The phantom closely misses you.
You are too injured to fight recklessly!
Fire: 68 stones
Press: ? - help, Q - select action, (/) - cycle Shift-Dir - straight line, f/p - phantom
Aim: a phantom (almost destroyed, 43% to hit)
You shoot a stone. The stone closely misses the phantom.
The phantom barely misses you. x2
Fire: 67 stones
Press: ? - help, Q - select action, (/) - cycle Shift-Dir - straight line, f/p - phantom
Aim: a phantom (almost destroyed, 43% to hit)
You shoot a stone. The stone misses the phantom.
The phantom hits you but does no damage.
Fire: 66 stones
Press: ? - help, Q - select action, (/) - cycle Shift-Dir - straight line, f/p - phantom
Aim: a phantom (almost destroyed, 43% to hit)
You shoot a stone. The stone hits the phantom.
The phantom is almost destroyed.
The phantom hits you.
You die...

#.# #.# #.# ...( #.#
..(.##.####
.....#....#
.......##.#
#..@#.##.###
...........W.......#
.[.........(..##.#.#
##.#..#.##.#..##.#.#
...........#..##.#.#
#...............#.#
...#..#.#.##..####
.. #<.#.#.##.># #
#..#...##..#


You could see a phantom.

Vanquished Creatures
  A centaur skeleton (D:4)
  A hound skeleton (D:2)
  2 adders (D:2)
  2 worms
  5 dart slugs
  3 endoplasms
  2 giant cockroaches
  3 goblins
  A hobgoblin (D:2)
  4 jackals (D:3)
  3 quokkas
  9 ball pythons
  5 bats
  5 kobolds
  4 rats
50 creatures vanquished.

Vanquished Creatures (others)
  A quokka (D:4)
1 creature vanquished.

Grand Total: 51 creatures vanquished

Notes
Turn   | Place    | Note
-------+----------+-------------------------------------------
     0 | D:1      | a3don the Kobold Conjurer began the quest for the Orb.
     0 | D:1      | Reached XP level 1. HP: 10/10 MP: 3/3
    87 | D:1      | Found Dimubb's General Store.
   269 | D:1      | Found Atoiheca's Antique Armour Shop.
   343 | D:1      | Reached XP level 2. HP: 15/15 MP: 1/5
   346 | D:1      | Learned a level 2 spell: Searing Ray
   397 | D:1      | Found a faded altar of an unknown god.
   797 | D:1      | Found Otaf's Weapon Shoppe.
  1259 | D:2      | Reached skill level 1 in Short Blades
  1259 | D:2      | Reached XP level 3. HP: 19/19 MP: 6/6
  1723 | D:2      | Reached XP level 4. HP: 24/24 MP: 7/7
  3413 | D:4      | Identified the ring of Dizinich {Drain Fly Int+2 Dex+8}
  3413 | D:4      | Noticed a scorpion
  3652 | D:4      | Reached XP level 5. HP: 17/28 MP: 3/9
  3802 | D:4      | Noticed a phantom
  3817 | D:4      | Slain by a phantom

Illustrated notes

Levels and vault maps discovered:
D:1:      amcnicky_arrival_wind_blow, layout_loops_ring, serial_shops, shop,
          nicolae_square_shop, shop, shapermc_ecumenical_altar_gd
D:2:      layout_loops_corners
D:3:      layout_rooms, minmay_quantized
D:4:      layout_loops_ring, elyvilon_altar_4

Skill      XL: |  1  2  3  4 |
---------------+-------------+-----
Stealth        | 3 4 |  4.0
Short Blades   | 1 2 |  2.5
Dodging        | 3 |  3.4
Spellcasting   | 3 |  3.0
Conjurations   | |  4.5

Action                   |  1- 3 |  4- 6 || total
-------------------------+-------+-------++-------
Melee: Short sword       |    33 |     4 ||    37
 Fire: Hunting sling     |     1 |    59 ||    60
 Cast: Magic Dart        |    24 |    40 ||    64
       Searing Ray       |       |     3 ||     3
  Use: Scroll            |       |     1 ||     1
       Potion            |       |     1 ||     1
 Stab: Sleeping          |     5 |       ||     5
Armor: Robe              |     8 |    12 ||    20
Dodge: Dodged            |    32 |    39 ||    71

Table legend: (Time is in decaauts)
 A = Elapsed time spent in this place.
 B = Non-inter-level travel time spent in this place.
 C = Inter-level travel time spent in this place.
 D = Time resting spent in this place.
 E = Time spent auto-exploring this place.
 F = Levels seen in this place.
 G = Mean time per level.
                   A        B        C        D        E       F      G
               +--------+--------+--------+--------+--------+-----+--------+
         Total |   3815 |   3627 |    188 |    579 |   2610 |   4 |  953.8 |
       Dungeon |   3815 |   3627 |    188 |    579 |   2610 |   4 |  953.8 |
               +--------+--------+--------+--------+--------+-----+--------+

Top non-repeatable levels by time:
     D:2: 1384 daAuts
     D:1: 1115 daAuts
     D:3: 1013 daAuts
     D:4: 301 daAuts
